 Dungeon Crawl Stone Soup version 0.27-a0-1060-gcb85b5eba1 (webtiles) character file.

Game seed: 5777280553970104689

16 snetch the Chopper (level 2, -2/27 HPs)
             Began as a Hill Orc Monk on Apr 21, 2021.
             Slain by an adder (5 damage)
             ... on level 2 of the Dungeon.
             The game lasted 00:01:43 (500 turns).

snetch the Chopper (Hill Orc Monk)                   Turns: 500, Time: 00:01:43

Health: -2/27      AC:  2    Str: 13    XL:     2   Next: 58%
Magic:  2/2        EV: 12    Int: 10    God:
Gold:   30         SH:  0    Dex: 13    Spells: 1/1 levels left

rFire    . . .     SeeInvis .   a - +0 hand axe
rCold    . . .     Faith    +   (no shield)
rNeg     . . .     Spirit   .   f - +0 robe
rPois    .         Reflect  .   (no helmet)
rElec    .         Harm     .   (no cloak)
rCorr    .         Rampage  .   (no gloves)
Will     .....                  (no boots)
Stlth    ++........             h - amulet of faith
HPRegen  0.09/turn              (no ring)
MPRegen  0.08/turn              (no ring)

@: slowed, very slow
A: no striking features
a: no special abilities


You were on level 2 of the Dungeon.
You visited 1 branch of the dungeon, and saw 2 of its levels.

You collected 30 gold pieces.

Inventory:

Hand Weapons
 a - a +0 hand axe (weapon)
 b - a +0 dagger
Missiles
 d - 24 stones (quivered)
 i - 26 arrows
Armour
 f - a +0 robe (worn)
Jewellery
 h - an amulet of faith (around neck)
Potions
 c - a potion of brilliance
 e - a potion of curing {unknown}


   Skills:
 + Level 3.8 Fighting
 + Level 4.6 Axes
 + Level 2.6 Dodging
 + Level 1.5 Stealth


You had one spell level left.
You didn't know any spells.
Your spell library was empty.

Dungeon Overview and Level Annotations

Branches:
Dungeon (2/15)

Altars:

Annotations:
D:2 Natasha


Message History

You see here 26 arrows.
i - 26 arrows A frilled lizard is nearby!
The frilled lizard bites you.
You miss the frilled lizard. The frilled lizard closely misses you.
You closely miss the frilled lizard. The frilled lizard barely misses you.
You hit the frilled lizard.
You kill the frilled lizard!
You see here a frilled lizard corpse.
There is an escape hatch in the floor here.
You slide downwards.
The hatch slams shut behind you.
A ball python comes into view.
The ball python hisses angrily.
Natasha, Servant of Life and Death comes into view.
Natasha hisses angrily.
An adder comes into view.
The adder hisses angrily.
You hit the ball python.
You kill the ball python!
Natasha claws you!
You hit Natasha.
Natasha is lightly wounded.
Natasha claws you!
* * * LOW HITPOINT WARNING * * *
The adder bites you.
* * * LOW HITPOINT WARNING * * *
Unknown command.
As you read the scroll labelled YNWASO HOZU, it crumbles to dust.
It is a scroll of identify.
c - a potion of brilliance Natasha barely misses you.
The adder bites you.
* * * LOW HITPOINT WARNING * * *
The adder barely misses you.
Natasha stares at you and mumbles some strange words.
You feel yourself slow down. The adder bites you.
* * * LOW HITPOINT WARNING * * *
The adder misses you.
a - a +0 hand axe (weapon)
The adder bites you.
You die...

##.######
........#
#.# #.#
#.####.###
#.....h.S##
######.##@#
#.##.#
#.#...
#...#..
...# #.#
##. .# ##.
##


You could see Natasha and an adder.

Vanquished Creatures
  A dart slug (D:1)
  2 endoplasms (D:1)
  2 giant cockroaches (D:1)
  2 goblins (D:1)
  A hobgoblin (D:1)
  A quokka (D:1)
  2 ball pythons
  A frilled lizard (D:1)
  A kobold (D:2)
13 creatures vanquished.

Notes
Turn   | Place    | Note
-------+----------+-------------------------------------------
     0 | D:1      | snetch the Hill Orc Monk began the quest for the Orb.
     0 | D:1      | Reached XP level 1. HP: 19/19 MP: 1/1
    84 | D:1      | Reached XP level 2. HP: 22/27 MP: 2/2
   492 | D:2      | Noticed Natasha
   500 | D:2      | Slain by an adder

Illustrated notes

Levels and vault maps discovered:
D:1:      dpeg_arrival_simpleton_b, layout_loops_ring,
          hellmonk_ecumenical_altar_heavens_door
D:2:      layout_loops_ring, grunt_decor_fettered, uniq_crazy_yiuf_cottage,
          uniq_natasha

Action                   || total
-------------------------++-------
Melee: Hand axe          ||    37
       Dagger            ||     6
  Use: Scroll            ||     1
 Stab: Sleeping          ||     2
Armor: Robe              ||     4
Dodge: Dodged            ||    30

Table legend: (Time is in decaauts)
 A = Elapsed time spent in this place.
 B = Non-inter-level travel time spent in this place.
 C = Inter-level travel time spent in this place.
 D = Time resting spent in this place.
 E = Time spent auto-exploring this place.
 F = Levels seen in this place.
 G = Mean time per level.
                   A        B        C        D        E       F      G
               +--------+--------+--------+--------+--------+-----+--------+
         Total |    505 |    505 |      0 |      0 |    315 |   2 |  252.5 |
       Dungeon |    505 |    505 |      0 |      0 |    315 |   2 |  252.5 |
               +--------+--------+--------+--------+--------+-----+--------+

Top non-repeatable levels by time:
     D:1: 473 daAuts
     D:2: 32 daAuts
